 Dungeon Crawl Stone Soup version 0.27.1 (webtiles) character file.

Game seed: 14099911799843266634

240 MajorAdolf the Sneak (level 6, 0/84 HPs)
             Began as a Naga Wanderer on Aug 21, 2021.
             Slain by an orc (4 damage)
             ... on level 4 of the Dungeon.
             The game lasted 00:10:46 (5249 turns).

MajorAdolf the Sneak (Naga Wanderer)                Turns: 5249, Time: 00:10:47

Health: 0/84       AC:  4    Str: 15    XL:     6   Next: 8%
Magic:  9/9        EV:  7    Int: 12    God:
Gold:   91         SH:  8    Dex: 12    Spells: 8/9 levels left

rFire    . . .     SeeInvis +   d - +4 spear (vorpal)
rCold    . . .     Faith    .   c - +0 kite shield
rNeg     . . .     Spirit   .   g - +0 robe
rPois    +         Reflect  .   i - +0 helmet
rElec    .         Harm     .   (no cloak)
rCorr    .         Rampage  .   (no gloves)
Will     .....                  (no barding)
Stlth    ..........             (no amulet)
HPRegen  0.24/turn              (no ring)
MPRegen  0.11/turn              (no ring)

@: berserking, short of breath, quick
A: AC +2, large, see invisible, deformed body, poison resistance, slowness 2,
spit poison 1, naga tail 1
a: Spit Poison


You were on level 4 of the Dungeon.
You visited 1 branch of the dungeon, and saw 5 of its levels.

You collected 91 gold pieces.

Inventory:

Hand Weapons
 a - a +2 mace
 d - a +4 vorpal spear (weapon)
 e - a +1 dagger of holy wrath
 m - a +2 flail of protection
Armour
 c - a +0 kite shield (worn)
 g - a +0 robe (worn)
 i - a +0 helmet (worn)
Potions
 b - 3 potions of flight
 f - a potion of haste {unknown}
 j - 4 potions of heal wounds
 k - a potion of berserk rage
 l - a potion of mutation {unknown}


   Skills:
 + Level 3.1 Fighting
 - Level 2.0 Maces & Flails
 - Level 2.4 Armour
 + Level 5.0 Stealth
 + Level 2.8 Shields
 - Level 2.0 Spellcasting
 - Level 1.0 Necromancy
 - Level 1.0 Evocations


You had 8 spell levels left.
You knew the following spells:

 Your Spells              Type           Power      Damage    Failure   Level
a - Apportation           Tloc           2%         N/A       71%         1

Your spell library contained the following spells:

 Spells                   Type           Power      Damage    Failure   Level
 Lesser Beckoning         Tloc           0%         N/A       97%         3


Dungeon Overview and Level Annotations

Branches:
Dungeon (5/15)
 Temple: D:4-7

Altars:
Yredelemnul

Annotations:
D:4 exclusion: downstairs


Innate Abilities, Weirdness & Mutations

Your serpentine skin is tough. (AC +2)
You have supernaturally acute eyesight. (SInv)
Armour fits poorly on your strangely shaped body.
Your system is resistant to poisons. (rPois)
You cover ground very slowly.
You can spit poison.
You have a snake-like lower body.


Message History

The adder closely misses you.
The orc priest mumbles some strange prayers to Beogh against you.
Pain shoots through your body! The adder closely misses you.
The orc hits you with a +0 dagger.
Press: ? - help, Shift-Dir - straight line, f - orc priest
Aim: an orc priest, wielding a +0 whip The splash of poison hits the orc priest.
The orc priest is poisoned.
The orc priest is moderately wounded.
The adder bites you. The orc hits you but does no damage.
The orc priest hits you with a +0 whip.
* * * LOW HITPOINT WARNING * * *
A red film seems to cover your vision as you go berserk!
You feel yourself moving faster!
You feel mighty! The adder bites you but does no damage.
The orc priest invokes the aid of Beogh against you.
Beogh smites you!
* * * LOW HITPOINT WARNING * * *
You block the orc's attack.
You puncture the orc priest!
You kill the orc priest!
The adder barely misses you. You block the orc's attack.
The adder bites you but does no damage.
Your Fighting skill increases to level 3!
Your Stealth skill increases to level 5!
You have reached level 6!
Your experience leads to an increase in your attributes!
Increase (S)trength, (I)ntelligence, or (D)exterity?
You feel clever.
Your skin feels tougher.
You are too berserk!
You hit the adder.
You kill the adder!
The orc hits you with a +0 dagger.
* * * LOW HITPOINT WARNING * * *
Unknown command.
You barely miss the orc. You hit the orc.
The orc is severely wounded.
The orc hits you with a +0 dagger.
You die...

##.######.#########
#....##..........#
####.............#
####..........#
##..........#
#...........#
#...........#
#........o).#
#..........@.#
#.############ ...
..


You could see an orc.

Vanquished Creatures
  2 orc priests (D:4)
  An iguana (D:4)
  An orc wizard (D:3)
  A hound zombie (D:3)
  4 adders
  A worm (D:2)
  2 dart slugs
  5 orcs
  6 endoplasms
  2 giant cockroaches
  9 hobgoblins
  2 jackals (D:3)
  2 quokkas
  4 ball pythons
  A ball python zombie (D:3)
  2 bats
  A frilled lizard (D:1)
  A giant cockroach zombie (D:3)
  9 goblins
  9 kobolds
  A quokka zombie (D:3)
  3 rats
69 creatures vanquished.

Notes
Turn   | Place    | Note
-------+----------+-------------------------------------------
     0 | D:1      | MajorAdolf the Naga Wanderer began the quest for the Orb.
     0 | D:1      | MajorAdolf set off with the following items: a +2 mace, a
                  | +0 ring mail; and the following spell memorised:
                  | Apportation; and the following spells available to
                  | memorise: Lesser Beckoning
     0 | D:1      | Reached XP level 1. HP: 15/15 MP: 3/3
   426 | D:2      | Reached skill level 1 in Stealth
   660 | D:1      | Found a faded altar of an unknown god.
   957 | D:1      | Reached XP level 2. HP: 24/24 MP: 5/5
  1152 | D:1      | Reached skill level 1 in Fighting
  1201 | D:1      | Reached skill level 2 in Stealth
  1981 | D:2      | Reached XP level 3. HP: 31/31 MP: 6/6
  2799 | D:2      | Reached skill level 3 in Stealth
  2807 | D:2      | You fall into a shaft and drop 1 floor!
  2935 | D:2      | Reached XP level 4. HP: 30/39 MP: 7/7
  4027 | D:4      | Reached XP level 5. HP: 27/46 MP: 8/8
  4164 | D:3      | Reached skill level 4 in Stealth
  4437 | D:3      | Found a basalt altar of Yredelemnul.
  4942 | D:5      | Entered Level 5 of the Dungeon
  4948 | D:5      | Noticed a necrophage
  5247 | D:4      | Reached skill level 5 in Stealth
  5247 | D:4      | Reached XP level 6. HP: 5/56 MP: 9/9
  5247 | D:4      | HP: 3/84 [orc (2)]
  5249 | D:4      | Slain by an orc

Illustrated notes

Levels and vault maps discovered:
D:1:      lightli_arrival_statue_moat, layout_basic, basic_ecumenical_altar,
          st_stairs_9, minmay_misc_feat_encased
D:2:      layout_basic
D:3:      layout_basic, nicolae_yredelemnul_corpse_copse,
          hangedman_decor_growths
D:4:      layout_rooms, nrook_uturn, mrwooster_statue_mirror
D:5:      layout_loops_ring, grunt_ministairs_13

Skill      XL: |  1  2  3  4  5 |
---------------+----------------+-----
Stealth        | 1 2 3 5 |  5.0
Fighting       | 1 2 3 |  3.1
Shields        | 2 |  2.8
Maces & Flails | |  2.0
Armour         | |  2.4
Spellcasting   | |  2.0
Necromancy     | |  1.0
Evocations     | |  1.0

Action                   |  1- 3 |  4- 6 || total
-------------------------+-------+-------++-------
Melee: Spear             |    41 |    70 ||   111
       Mace              |     6 |       ||     6
       Dagger            |       |     3 ||     3
 Abil: Spit Poison       |    29 |    16 ||    45
  Use: Scroll            |     3 |     5 ||     8
       Potion            |       |     1 ||     1
 Stab: Sleeping          |       |     5 ||     5
Armor: Robe              |     1 |    14 ||    15
Dodge: Dodged            |     6 |    27 ||    33
Block: Kite shield       |     9 |    31 ||    40
